 Dungeon Crawl Stone Soup version 0.28.0 (webtiles) character file.

Game seed: 14130617938948477087

109 Renzlar the Shield-Bearer (level 4, -2/41 HPs)
             Began as a Gnoll Fighter on Feb 12, 2022.
             Was an Initiate of Okawaru.
             Engulfed by a steam dragon's steam (11 damage)
             ... on level 3 of the Dungeon.
             The game lasted 00:07:39 (2819 turns).

Renzlar the Shield-Bearer (Gnoll Fighter)           Turns: 2819, Time: 00:07:39

Health: -2/41      AC:  9    Str: 18    XL:     4   Next: 90%
Magic:  5/5        EV:  9    Int:  7    God:    Okawaru [......]
Gold:   147        SH:  5    Dex: 11    Spells: 5/5 levels left

rFire   . . .      SeeInvis .   s - +4 short sword
rCold   . . .      Faith    .   j - +0 buckler
rNeg    . . .      Spirit   .   b - +0 scale mail
rPois   .          Reflect  .   l - +0 helmet
rElec   .          Harm     .   (no cloak)
rCorr   .          Rampage  .   (no gloves)
Will    .....                   (no boots)
Stlth   ..........              (no amulet)
HPRegen 0.13/turn               (no ring)
MPRegen 0.09/turn               (no ring)

@: no status effects
A: fangs 1, strong nose, distributed training
a: Renounce Religion


You were on level 3 of the Dungeon.
You worshipped Okawaru.
Okawaru was noncommittal.
You visited 1 branch of the dungeon, and saw 4 of its levels.

You collected 147 gold pieces.

Inventory:

Hand Weapons
 a - a +0 war axe
 c - a +1 hunting sling of flaming
 s - a +4 short sword (weapon)
Missiles
 e - 45 bolts
 f - 114 stones
 h - 4 poisoned darts (quivered)
 i - 23 sling bullets
Armour
 b - a +0 scale mail (worn)
 j - a +0 buckler (worn)
 l - a +0 helmet (worn)
Scrolls
 n - a scroll of magic mapping {unknown}
 p - a scroll of identify {unknown}
 r - a scroll of amnesia {unknown}
Potions
 d - 3 potions of might
 g - a potion of berserk rage {unknown}
 m - a potion of degeneration {unknown}
 o - a potion of brilliance {unknown}
 q - a potion of resistance {unknown}


   Skills:
 + Level 6.6 Fighting
 + Level 1.2 Short Blades
 + Level 1.2 Long Blades
 + Level 4.7 Axes
 + Level 1.2 Maces & Flails
 + Level 1.2 Polearms
 + Level 1.2 Staves
 + Level 1.2 Slings
 + Level 1.2 Bows
 + Level 1.2 Crossbows
 + Level 1.2 Throwing
 + Level 6.6 Armour
 + Level 1.2 Dodging
 + Level 1.2 Stealth
 + Level 6.6 Shields
 + Level 1.2 Unarmed Combat
 + Level 1.2 Spellcasting
 + Level 1.0 Conjurations
 + Level 1.0 Hexes
 + Level 1.0 Summonings
 + Level 1.0 Necromancy
 + Level 1.0 Translocations
 + Level 1.0 Transmutations
 + Level 1.0 Fire Magic
 + Level 1.0 Ice Magic
 + Level 1.0 Air Magic
 + Level 1.0 Earth Magic
 + Level 1.0 Poison Magic
 + Level 1.4 Invocations
 + Level 1.2 Evocations


You had 5 spell levels left.
You didn't know any spells.
Your spell library contained the following spells:

 Spells                   Type           Power      Damage    Failure   Level
 Blink                    Tloc           2%         N/A       82%         2
 Lesser Beckoning         Tloc           1%         N/A       96%         3
 Manifold Assault         Tloc           1%         N/A       100%        5


Dungeon Overview and Level Annotations

Branches:
Dungeon (4/15)
 Temple: D:4-7

Altars:
Ashenzari
Okawaru
Qazlal
Ru

Annotations:
D:4 Grinder


Innate Abilities, Weirdness & Mutations

You have very sharp teeth.
Your uncanny sense of smell can sniff out nearby items.
Your experience applies equally to all skills.


Message History

You climb upwards.
There is a stone staircase leading down here.
Unknown command.
You climb downwards.
A giant cockroach comes into view.
There is a stone staircase leading up here.
Throw: 6 darts (poison)
Press: ? - help, Q - select action, (/) - cycle Shift-Dir - straight line, f - steam dragon
Aim: a steam dragon (59% to hit)
You throw a poisoned dart.
The poisoned dart hits the steam dragon.
The steam dragon is poisoned.
Grinder comes into view.
The steam dragon bites you. You block the steam dragon's attack.
You climb upwards.
There is a stone staircase leading down here.
Throw: 5 darts (poison)
Press: ? - help, Q - select action, (/) - cycle Shift-Dir - straight line, f - steam dragon
Aim: a steam dragon (poisoned, 59% to hit)
You throw a poisoned dart.
The poisoned dart hits the steam dragon.
The steam dragon looks even sicker.
The steam dragon bites you.
The steam dragon claws you but does no damage.
s - a +4 short sword (weapon)
The steam dragon breathes steam at you. The ball of steam hits you!
Unknown command.
You hit the steam dragon.
The steam dragon is lightly wounded.
You are engulfed in a cloud of scalding steam.
The steam dragon bites you!
* * * LOW HITPOINT WARNING * * *
The steam dragon claws you but does no damage.
Unknown command.
You hit the steam dragon but do no damage.
You bite the steam dragon, but do no damage.
The steam dragon is lightly wounded.
You are engulfed in a cloud of scalding steam.
You die...

.#..##.#.........#.....# #...#
.......#......#..#.....######...#
##.##.##......#..................
#.##.##.....<#..#......)........
#..<.........#..#..#............
####.##...............######...#
#.###........####### #...#
#.......####D# #...#
#.##.....###@# #...#
#..........#§# #...#
#....._...).§# #....
#.........#### #..## #..........#
########..## #.._..8.._.#
#........... #..........#
#.####.#.##. #..........# #.#
#.#.##. ##...._....# #.# #......


You could see a steam dragon (very poisoned, catching breath).

Vanquished Creatures
  Robin (D:2)
  3 adders
  2 worms
  3 endoplasms
  A giant cockroach (D:1)
  15 goblins
  7 hobgoblins
  6 jackals
  A quokka (D:2)
  8 ball pythons
  5 bats
  2 frilled lizards (D:2)
  7 kobolds
  A rat (D:2)
62 creatures vanquished.

Vanquished Creatures (others)
  2 jackals (D:4)
  5 toadstools (D:1)
7 creatures vanquished.

Grand Total: 69 creatures vanquished

Notes
Turn   | Place    | Note
-------+----------+-------------------------------------------
     0 | D:1      | Renzlar the Gnoll Fighter began the quest for the Orb.
     0 | D:1      | Reached XP level 1. HP: 23/23 MP: 1/1
   379 | D:1      | Reached XP level 2. HP: 27/29 MP: 2/2
   720 | D:1      | Found a faded altar of an unknown god.
   937 | D:2      | Reached XP level 3. HP: 35/35 MP: 2/4
  1018 | D:2      | Noticed Robin
  1027 | D:2      | Reached skill level 1 in Invocations
  1032 | D:2      | Killed Robin
  1033 | D:2      | Reached skill level 1 in Short Blades
  1033 | D:2      | Reached skill level 1 in Long Blades
  1033 | D:2      | Reached skill level 1 in Maces & Flails
  1033 | D:2      | Reached skill level 1 in Polearms
  1033 | D:2      | Reached skill level 1 in Staves
  1033 | D:2      | Reached skill level 1 in Slings
  1033 | D:2      | Reached skill level 1 in Bows
  1033 | D:2      | Reached skill level 1 in Crossbows
  1033 | D:2      | Reached skill level 1 in Throwing
  1033 | D:2      | Reached skill level 1 in Dodging
  1033 | D:2      | Reached skill level 1 in Stealth
  1033 | D:2      | Reached skill level 1 in Unarmed Combat
  1033 | D:2      | Reached skill level 1 in Spellcasting
  1033 | D:2      | Reached skill level 1 in Evocations
  1045 | D:2      | Reached XP level 4. HP: 18/41 MP: 5/5
  2193 | D:3      | Reached skill level 1 in Conjurations
  2193 | D:3      | Reached skill level 1 in Hexes
  2193 | D:3      | Reached skill level 1 in Summonings
  2193 | D:3      | Reached skill level 1 in Necromancy
  2193 | D:3      | Reached skill level 1 in Translocations
  2193 | D:3      | Reached skill level 1 in Transmutations
  2193 | D:3      | Reached skill level 1 in Fire Magic
  2193 | D:3      | Reached skill level 1 in Ice Magic
  2193 | D:3      | Reached skill level 1 in Air Magic
  2193 | D:3      | Reached skill level 1 in Earth Magic
  2193 | D:3      | Reached skill level 1 in Poison Magic
  2667 | D:3      | Found a stormy altar of Qazlal.
  2674 | D:3      | Found a sacrificial altar of Ru.
  2674 | D:3      | Found a broken altar of Ashenzari.
  2674 | D:3      | Found an iron altar of Okawaru.
  2682 | D:3      | Became a worshipper of Warmaster Okawaru
  2784 | D:4      | Noticed a steam dragon
  2813 | D:4      | Noticed Grinder
  2819 | D:3      | Engulfed by a steam dragon's steam

Illustrated notes

Levels and vault maps discovered:
D:1:      ldierk_walled_garden, layout_loops_ring,
          ebering_ecumenical_altar_mist, chequers_serial_rivers_room_b,
          minmay_3d_cube
D:2:      minmay_inner_zag, layout_basic, uniq_robin
D:3:      layout_loops_cross, grunt_temple_overflow_open
D:4:      layout_rooms, lemuel_round_altar, serial_shops,
          nicolae_shop_advertising_works [nicolae_subvault_shop_adworks],
          uniq_eustachio, uniq_grinder, uniq_crazy_yiuf_cottage

Skill      XL: |  1  2  3  4 |
---------------+-------------+-----
Invocations    | 1 |  1.4
Short Blades   | 1 |  1.2
Long Blades    | 1 |  1.2
Maces & Flails | 1 |  1.2
Polearms       | 1 |  1.2
Staves         | 1 |  1.2
Slings         | 1 |  1.2
Bows           | 1 |  1.2
Crossbows      | 1 |  1.2
Throwing       | 1 |  1.2
Dodging        | 1 |  1.2
Stealth        | 1 |  1.2
Unarmed Combat | 1 |  1.2
Spellcasting   | 1 |  1.2
Evocations     | 1 |  1.2
Conjurations   | 1 |  1.0
Hexes          | 1 |  1.0
Summonings     | 1 |  1.0
Necromancy     | 1 |  1.0
Translocations | 1 |  1.0
Transmutations | 1 |  1.0
Fire Magic     | 1 |  1.0
Ice Magic      | 1 |  1.0
Air Magic      | 1 |  1.0
Earth Magic    | 1 |  1.0
Poison Magic   | 1 |  1.0
Fighting       | |  6.6
Axes           | |  4.7
Armour         | |  6.6
Shields        | |  6.6

Action                   |  1- 3 |  4- 6 || total
-------------------------+-------+-------++-------
Melee: War axe           |    85 |     1 ||    86
       Bite              |     4 |     3 ||     7
       Club              |       |    32 ||    32
       Short sword       |       |     7 ||     7
 Fire: Hunting sling     |       |    55 ||    55
Throw: Stone             |     3 |     4 ||     7
       Dart              |       |     2 ||     2
  Use: Scroll            |     2 |       ||     2
Armor: Scale mail        |    31 |    31 ||    62
Dodge: Dodged            |    38 |    27 ||    65
Block: Buckler           |    21 |    10 ||    31
